 Dungeon Crawl Stone Soup version 0.29.1-12-g30fa7ad0bf (webtiles) character file.

Game seed: 16103600520654849389

273 xzight the Grasshopper (level 6, -3/51 HPs)
             Began as a Gnoll Warper on Dec 30, 2022.
             Was an Initiate of Cheibriados.
             Slain by a gnoll sergeant
             ... wielding a +3 spear of flaming
              (6 damage)
             ... on level 4 of the Dungeon.
             The game lasted 00:05:31 (4895 turns).

xzight the Grasshopper (Gnoll Warper)               Turns: 4895, Time: 00:05:32

Health: -3/51      AC:  6    Str: 11    XL:     6   Next: 24%
Magic:  14/14      EV: 11    Int: 16    God:    Cheibriados [......]
Gold:   208        SH:  0    Dex: 12    Spells: 15/15 levels left

rFire   . . .      SeeInvis .   x - +9 shortbow "Japig" {vorpal, rPois rN+}
rCold   + . .      Faith    .   (shield currently unavailable)
rNeg    + . .      Spirit   .   w - +0 ring mail
rPois   +          Reflect  .   (no helmet)
rElec   .          Harm     .   o - +0 cloak
rCorr   .          Rampage  .   (no gloves)
Will    .....                   (no boots)
Stlth   +.........              l - amulet of magic regeneration
HPRegen 0.17/turn               C - ring of protection from cold
MPRegen 0.54/turn               (no ring)

@: very slow
A: fangs 1, strong nose, distributed training
a: Renounce Religion


You were on level 4 of the Dungeon.
You worshipped Cheibriados.
Cheibriados was noncommittal.
You visited 2 branches of the dungeon, and saw 5 of its levels.

You collected 208 gold pieces.


Innate Abilities, Weirdness & Mutations

You have very sharp teeth.
Your uncanny sense of smell can sniff out nearby items.
Your experience applies equally to all skills.


   Skills:
 + Level 5.0 Fighting
 + Level 2.0 Short Blades
 + Level 2.0 Long Blades
 + Level 2.0 Axes
 + Level 2.0 Maces & Flails
 + Level 5.0 Polearms
 + Level 2.0 Staves
 + Level 2.0 Ranged Weapons
 + Level 3.2 Throwing
 + Level 3.2 Armour
 + Level 5.0 Dodging
 + Level 2.0 Stealth
 + Level 2.0 Shields
 + Level 2.0 Unarmed Combat
 + Level 5.3 Spellcasting
 + Level 1.5 Conjurations
 + Level 1.5 Hexes
 + Level 1.5 Summonings
 + Level 1.5 Necromancy
 + Level 5.6 Translocations
 + Level 1.5 Transmutations
 + Level 1.5 Fire Magic
 + Level 1.5 Ice Magic
 + Level 1.5 Air Magic
 + Level 1.5 Earth Magic
 + Level 1.5 Poison Magic
 + Level 2.1 Invocations
 + Level 2.0 Evocations


You had 15 spell levels left.
You didn't know any spells.
Your spell library contained the following spells:

 Spells                   Type           Power      Damage    Failure   Level
 Blink                    Tloc           44%        N/A       4%          2
 Gell's Gravitas          Tloc           22%        N/A       10%         3
 Lesser Beckoning         Tloc           22%        N/A       10%         3
 Teleport Other           Tloc           22%        N/A       10%         3
 Magic Dart               Conj           36%        1d4       19%         1
 Call Imp                 Summ           9%         N/A       26%         2
 Frozen Ramparts          Ice            18%        1d3       47%         3
 Mephitic Cloud           Conj/Pois/Air  9%         N/A       47%         3
 Manifold Assault         Tloc           22%        N/A       65%         5
 Ice Form                 Ice/Tmut       9%         N/A       87%         4
 Summon Ice Beast         Ice/Summ       9%         N/A       87%         4

Inventory:

Hand Weapons
 u - a +2 vorpal flail
 x - the +9 shortbow "Japig" (weapon) {vorpal, rPois rN+}
   (You found it on level 4 of the Dungeon)

   Any ammunition fired from it inflicts extra damage upon your enemies.
   rPois:     It protects you from poison.
   rN:        It protects you from negative energy.
Missiles
 d - 7 boomerangs of dispersal {=f}
 h - 4 javelins
 i - 2 curare-tipped darts {=f}
 v - 3 silver javelins
Armour
 g - a +0 buckler
 o - a +0 cloak (worn)
 p - a scarf of shadows
 w - a +0 ring mail (worn)
Jewellery
 l - an amulet of magic regeneration (around neck)
 C - a ring of protection from cold (left hand)
Scrolls
 a - 2 scrolls of amnesia
 e - 3 scrolls of identify {@r1}
 q - a scroll of poison {unknown}
 r - 2 scrolls of teleportation {unknown}
 s - 2 scrolls of magic mapping {unknown}
Potions
 b - a potion of magic {unknown}
 f - a potion of heal wounds {unknown}
 j - a potion of ambrosia {unknown}
 k - a potion of mutation {unknown}
 m - a potion of curing {@q1}
 n - a potion of lignification {unknown}
 t - a potion of haste {unknown}

Dungeon Overview and Level Annotations

Branches:
Dungeon (4/15)             Temple (1/1) D:4

Altars:
Ashenzari
Cheibriados
Dithmenos
Gozag
Kikubaaqudgha
Makhleb
Nemelex Xobeh
Okawaru
Qazlal
Ru
Wu Jian
Xom
The Shining One

Shops:
D:2

(
##################
#..............@.#
#.##############.#
#.# #g# ##.######
#g# .......... #g#
###############.#.#
..............#.#.#
#############.#.#.#
..#.......# #.#.#.#


You could see a gnoll sergeant and 2 gnolls.


Message History

The gnoll sergeant hits you from afar with a +3 spear of flaming.
* * * LOW HITPOINT WARNING * * *
The gnoll sergeant burns you.
* * * LOW HITPOINT WARNING * * *
The gnoll sergeant hits you from afar with a +3 spear of flaming.
* * * LOW HITPOINT WARNING * * *
The gnoll sergeant burns you.
* * * LOW HITPOINT WARNING * * *
As you read the scroll labelled VIERYO KINI, it crumbles to dust.
It is a scroll of identify.
a - 2 scrolls of amnesia The gnoll sergeant hits you from afar with a +3 spear of flaming!
* * * LOW HITPOINT WARNING * * *
The gnoll sergeant burns you.
* * * LOW HITPOINT WARNING * * *
Okay, then.
Blink to where?
Press: ? - help, Dir - move target, p - gnoll
As you read the scroll of blinking, it crumbles to dust.
It was a potion of curing.
You feel better.
Fire: x) +9 shortbow "Japig" {vorpal, rPois rN+}
Press: ? - help, Q - select action, (/) - cycle Shift-Dir - straight line, f - gnoll sergeant
Aim: a gnoll sergeant, wielding a +3 spear of flaming and wearing a +0 ring mail (75% to hit)
You shoot an arrow. The arrow hits the gnoll sergeant.
The gnoll sergeant is lightly wounded.
The gnoll sergeant hits you but does no damage.
The gnoll sergeant hits you from afar with a +3 spear of flaming!
* * * LOW HITPOINT WARNING * * *
The gnoll sergeant burns you.
You die...

Skill      XL: |  1  2  3  4  5  6 |
---------------+-------------------+-----
Spellcasting   | 5 |  5.3
Invocations    | 1 2 |  2.1
Short Blades   | 1 2 |  2.0
Long Blades    | 1 2 |  2.0
Axes           | 1 2 |  2.0
Maces & Flails | 1 2 |  2.0
Staves         | 1 2 |  2.0
Ranged Weapons | 1 2 |  2.0
Stealth        | 1 2 |  2.0
Shields        | 1 2 |  2.0
Unarmed Combat | 1 2 |  2.0
Evocations     | 1 2 |  2.0
Conjurations   | 1 |  1.5
Hexes          | 1 |  1.5
Summonings     | 1 |  1.5
Necromancy     | 1 |  1.5
Transmutations | 1 |  1.5
Fire Magic     | 1 |  1.5
Ice Magic      | 1 |  1.5
Air Magic      | 1 |  1.5
Earth Magic    | 1 |  1.5
Poison Magic   | 1 |  1.5
Throwing       | 3 |  3.2
Armour         | 3 |  3.2
Fighting       | 5 |  5.0
Polearms       | 5 |  5.0
Dodging        | 5 |  5.0
Translocations | |  5.6

Action                   |  1- 3 |  4- 6 || total
-------------------------+-------+-------++-------
Melee: Spear             |   157 |    17 ||   174
       Bite              |    17 |     8 ||    25
       Flail             |       |    80 ||    80
 Fire: Shortbow          |       |     4 ||     4
Throw: Javelin           |       |     3 ||     3
  Use: Scroll            |       |     2 ||     2
       Potion            |       |     1 ||     1
 Stab: Sleeping          |     2 |     1 ||     3
Armor: Leather armour    |    21 |    12 ||    33
       Ring mail         |       |     7 ||     7
Dodge: Dodged            |    54 |    53 ||   107
Block: Buckler           |    10 |    17 ||    27

Levels and vault maps discovered:
D:1:      wander_arrival_chamber, layout_basic
D:2:      layout_loops_cross, hellmonk_ecumenical_altar_inner_sanctum,
          serial_shops, shop, minmay_pentomino_pile
D:3:      layout_loops_cross, serial_co_window_serial, co_window_paths_a,
          co_window_corner_a, co_window_paths_a, co_window_corner_a,
          co_window_paths_b, co_window_2corner, co_window_unsneaky_path_d,
          co_window_broadway_a, co_window_corner_b, co_window_4corner_b,
          glass_columns_a, glass_columns_a, glass_columns_a, glass_columns_c,
          uniq_natasha
D:4:      layout_basic, minmay_temple_entry_fiery, lightli_minifort
Temple:   nicolae_temple_god_jail

Notes
Turn   | Place    | Note
-------+----------+-------------------------------------------
     0 | D:1      | xzight the Gnoll Warper began the quest for the Orb.
     0 | D:1      | Reached XP level 1. HP: 20/20 MP: 6/6
   254 | D:1      | Reached XP level 2. HP: 26/26 MP: 7/7
   823 | D:1      | Reached skill level 5 in Spellcasting
   823 | D:1      | Reached XP level 3. HP: 31/31 MP: 7/9
  1491 | D:2      | Reached skill level 1 in Invocations
  1826 | D:2      | Reached skill level 1 in Short Blades
  1826 | D:2      | Reached skill level 1 in Long Blades
  1826 | D:2      | Reached skill level 1 in Axes
  1826 | D:2      | Reached skill level 1 in Maces & Flails
  1826 | D:2      | Reached skill level 1 in Staves
  1826 | D:2      | Reached skill level 1 in Ranged Weapons
  1826 | D:2      | Reached skill level 1 in Stealth
  1826 | D:2      | Reached skill level 1 in Shields
  1826 | D:2      | Reached skill level 1 in Unarmed Combat
  1826 | D:2      | Reached skill level 1 in Evocations
  2014 | D:2      | Reached XP level 4. HP: 13/38 MP: 11/11
  2277 | D:2      | Found Iheopni's Weapon Emporium.
  2304 | D:2      | Found a faded altar of an unknown god.
  2632 | D:3      | Reached skill level 1 in Conjurations
  2632 | D:3      | Reached skill level 1 in Hexes
  2632 | D:3      | Reached skill level 1 in Summonings
  2632 | D:3      | Reached skill level 1 in Necromancy
  2632 | D:3      | Reached skill level 1 in Transmutations
  2632 | D:3      | Reached skill level 1 in Fire Magic
  2632 | D:3      | Reached skill level 1 in Ice Magic
  2632 | D:3      | Reached skill level 1 in Air Magic
  2632 | D:3      | Reached skill level 1 in Earth Magic
  2632 | D:3      | Reached skill level 1 in Poison Magic
  2688 | D:3      | Noticed Natasha
  2694 | D:3      | Killed Natasha
  2744 | D:3      | Reached XP level 5. HP: 23/43 MP: 12/12
  2931 | D:3      | Noticed Natasha
  2943 | D:3      | Killed Natasha
  2944 | D:3      | Reached skill level 3 in Throwing
  2944 | D:3      | Reached skill level 3 in Armour
  3199 | D:3      | Noticed Natasha
  3319 | D:3      | Killed Natasha
  4097 | D:4      | Found a staircase to the Ecumenical Temple.
  4130 | Temple   | Entered the Ecumenical Temple
  4198 | Temple   | Became a worshipper of Cheibriados the Contemplative
  4238 | D:4      | Reached skill level 2 in Invocations
  4238 | D:4      | Reached XP level 6. HP: 40/50 MP: 13/13
  4345 | D:4      | Reached skill level 5 in Fighting
  4345 | D:4      | Reached skill level 5 in Polearms
  4345 | D:4      | Reached skill level 5 in Dodging
  4545 | D:4      | Identified the +9 shortbow "Japig" {vorpal, rPois rN+}
  4857 | D:4      | Reached skill level 2 in Short Blades
  4857 | D:4      | Reached skill level 2 in Long Blades
  4857 | D:4      | Reached skill level 2 in Axes
  4857 | D:4      | Reached skill level 2 in Maces & Flails
  4857 | D:4      | Reached skill level 2 in Staves
  4857 | D:4      | Reached skill level 2 in Ranged Weapons
  4857 | D:4      | Reached skill level 2 in Stealth
  4857 | D:4      | Reached skill level 2 in Shields
  4857 | D:4      | Reached skill level 2 in Unarmed Combat
  4857 | D:4      | Reached skill level 2 in Evocations
  4870 | D:4      | HP: 5/51 [gnoll sergeant/+3 spear of flaming (7)]
  4895 | D:4      | HP: 3/51 [gnoll sergeant/+3 spear of flaming (12)]
  4895 | D:4      | Slain by a gnoll sergeant

Vanquished Creatures
  A jelly (D:4)
  An iguana (D:4)
  Natasha (thrice) (D:3)
  A gnoll (D:4)
  6 adders
  An ufetubus (D:4)
  2 worms (D:2)
  3 dart slugs
  An orc (D:3)
  4 ball pythons
  6 endoplasms
  3 giant cockroaches
  5 goblins
  7 hobgoblins
  4 quokkas
  4 bats
  3 frilled lizards
  8 kobolds
  6 rats
69 creatures vanquished.

Table legend: (Time is in decaauts)
 A = Elapsed time spent in this place.
 B = Non-inter-level travel time spent in this place.
 C = Inter-level travel time spent in this place.
 D = Time resting spent in this place.
 E = Time spent auto-exploring this place.
 F = Levels seen in this place.
 G = Mean time per level.
                   A        B        C        D        E       F      G
               +--------+--------+--------+--------+--------+-----+--------+
         Total |   5043 |   4729 |    314 |    638 |   3364 |   5 | 1008.6 |
       Dungeon |   4964 |   4661 |    303 |    638 |   3316 |   4 | 1241.0 |
        Temple |     79 |     68 |     11 |      0 |     48 |   1 |   79.0 |
               +--------+--------+--------+--------+--------+-----+--------+

Top non-repeatable levels by time:
     D:3: 1392 daAuts
     D:2: 1220 daAuts
     D:1: 1203 daAuts
     D:4: 1147 daAuts
  Temple: 79 daAuts

Table legend:
 A = Non-vault XP
 B = Vault XP
 C = Vault XP percentage of total XP
 D = Non-vault monster count
 E = Vault monster count
 F = Vault count percentage of total count
                 A         B        C        D         E       F
            +---------+---------+-------+---------+---------+-------
      Total |     332 |      59 |  15.1 |      64 |       5 |   7.2
            +---------+---------+-------+---------+---------+-------
        D:1 |      38 |       0 |   0.0 |      21 |       0 |   0.0
        D:2 |      49 |       9 |  15.5 |      15 |       3 |  16.7
        D:3 |     133 |      36 |  21.3 |      18 |       1 |   5.3
        D:4 |     112 |      14 |  11.1 |      10 |       1 |   9.1
            +---------+---------+-------+---------+---------+-------
